 Dungeon Crawl Stone Soup version 0.19-a0-172-g3b1235c (webtiles) character file.

29231 Duffy the Thaumaturge (level 13, -2/68 HPs)
             Began as a Spriggan Enchanter on May 22, 2016.
             Was the Champion of Cheibriados.
             Slain by a seven-headed hydra (9 damage)
             ... on level 4 of the Lair of Beasts.
             The game lasted 00:33:39 (16783 turns).

Duffy the Thaumaturge (Spriggan Enchanter)         Turns: 16783, Time: 00:33:39

Health: -2/68      AC: 11    Str: 25    XL:     13   Next: 14%
Magic:  20/29      EV: 33    Int: 39    God:    Cheibriados [******]
Gold:   949        SH:  5    Dex: 34    Spells: 6 memorised, 17 levels left

rFire  . . .     SeeInvis +     a - +0 dagger (protect)
rCold  . . .     Gourm    .     G - +1 robe {MR+}
rNeg   . . .     Faith    .     (shield restricted)
rPois  .         Spirit   .     n - +2 hat
rElec  .         Dismiss  .     q - +0 cloak
rCorr  .         Reflect  +     (gloves unavailable)
SustAt .         Harm     .     (boots unavailable)
MR     +++..                    Y - +5 amulet of reflection
Stlth  +++++++...               X - +6 ring of intelligence
                                w - +5 ring of strength

@: very slow, extremely resistant to hostile enchantments, extremely stealthy
A: unfitting armour, see invisible, herbivore 3, speed 3, slow metabolism 2
a: Bend Time, Temporal Distortion, Slouch, Step From Time, Renounce Religion


You were on level 4 of the Lair of Beasts.
You worshipped Cheibriados.
Cheibriados was exalted by your worship.
You were full.

You visited 2 branches of the dungeon, and saw 14 of its levels.

You collected 949 gold pieces.


Innate Abilities, Weirdness & Mutations

You are tiny and cannot use many weapons and most armour.
You have supernaturally acute eyesight.
You are a herbivore.
You cover ground extremely quickly.
You need consume almost no food.


   Skills:
 - Level 8.0 Fighting
 - Level 6.0 Short Blades
 - Level 11.0 Dodging
 - Level 11.5 Stealth
 + Level 11.8 Spellcasting
 - Level 10.2 Hexes
 + Level 4.4 Summonings
 - Level 10.0 Invocations


You had 17 spell levels left.
You knew the following spells:

 Your Spells              Type           Power        Failure   Level  Hunger
a - Ensorcelled Hibernat  Hex/Ice        ######       1%          2    None
c - Confuse               Hex            #######.     1%          3    None
d - Dazzling Spray        Conj/Hex       ######       1%          3    None
l - Tukima's Dance        Hex            #######.     1%          3    None
n - Shadow Creatures      Summ           N/A          45%         6    ###....
r - Corona                Hex            #######      1%          1    None

Inventory:

Hand Weapons
 a - a +0 dagger of protection (weapon)
 V - a +1 demon whip of venom
Missiles
 f - 61 poisoned needles
 M - 2 tomahawks (quivered)
 Q - 3 throwing nets
 R - 6 curare-tipped needles
Armour
 g - a +0 buckler
 n - a +2 hat (worn)
 q - a +0 cloak (worn)
 G - a +1 robe of magic resistance (worn)
 O - a +2 robe of fire resistance
Jewellery
 w - a +5 ring of strength (left hand)
 J - an uncursed ring of protection from fire
 P - an uncursed ring of wizardry
 U - an uncursed ring of sustain attributes
 X - a +6 ring of intelligence (right hand)
 Y - a +5 amulet of reflection (around neck)
Wands
 s - a wand of digging (6/24)
 t - a wand of slowing (36/48)
 A - a wand of teleportation (3/9)
 W - a wand of confusion (14/48)
Scrolls
 h - 7 scrolls of remove curse
 k - 7 scrolls of enchant weapon
 l - 4 scrolls of teleportation
 m - 2 scrolls of fear
 o - 2 scrolls of blinking
 r - 2 scrolls of recharging
 u - 3 scrolls of amnesia
 v - 2 scrolls of magic mapping
 F - 3 scrolls of enchant armour
 I - 2 scrolls of immolation
Potions
 b - 2 potions of magic
 e - a potion of cancellation
 i - 9 potions of curing
 j - 5 potions of agility
 p - 3 potions of brilliance
 x - a potion of lignification
 B - 3 potions of heal wounds
 D - 2 potions of might
 E - 2 potions of haste {unknown}
 H - 4 potions of degeneration {unknown}
 K - 3 potions of flight {unknown}
 S - a potion of invisibility
 T - a potion of resistance
Books
 c - a book of Maledictions
 y - a book of Dreams
 z - the Catalogue of the Eagle

   Spells                             Type                      Level
   a - Airstrike                      Air                          4
   b - Summon Forest                  Summoning/Translocation      5
   c - Deflect Missiles               Charms/Air                   6
 C - Kikubaaqudgha's Tome of Necromancy

   Spells                             Type                      Level
   a - Pain                           Necromancy                   1
 L - a book of Summonings
Comestibles
 d - 6 bread rations
 N - 14 fruits

Dungeon Overview and Level Annotations

Branches:
Dungeon (10/15)            Temple (0/1) D:7            Lair (4/8) D:9
 Shoals (0/4) Lair:3        Snake (0/4) Lair:4
    Orc: D:9-12

Altars:
Ashenzari
Cheibriados
Fedhas
Gozag
Kikubaaqudgha
Nemelex Xobeh
Qazlal
Sif Muna
Vehumet
Zin

Shops:
D:5 [


Message History

The seven-headed hydra completely misses you.
The seven-headed hydra bites you!
The seven-headed hydra closely misses you.
The seven-headed hydra misses you.
The seven-headed hydra completely misses you.
The seven-headed hydra bites you!
The seven-headed hydra barely misses you.
The seven-headed hydra completely misses you. x2
The seven-headed hydra closely misses you.
The seven-headed hydra misses you.
The seven-headed hydra closely misses you.
The seven-headed hydra misses you.
You hit the seven-headed hydra.
The seven-headed hydra is lightly wounded.
The seven-headed hydra bites you!! The seven-headed hydra bites you!
The seven-headed hydra completely misses you.
The seven-headed hydra closely misses you. x2
The seven-headed hydra completely misses you. x2
Cast which spell? (? or * to list)
Aiming: Confuse
Press: ? - help, Shift-Dir - straight line, f - seven-headed hydra
Aim: a seven-headed hydra (chance to defeat MR: 51%)
The seven-headed hydra resists with significant effort.
The seven-headed hydra completely misses you.
The seven-headed hydra bites you.
You block the seven-headed hydra's attack. x2
The seven-headed hydra misses you. x3
Cast which spell? (? or * to list)
Aiming: Confuse
Press: ? - help, Shift-Dir - straight line, f/p - seven-headed hydra
Aim: a seven-headed hydra (chance to defeat MR: 51%)
The seven-headed hydra resists with significant effort.
The seven-headed hydra barely misses you.
You block the seven-headed hydra's attack.
The seven-headed hydra completely misses you.
The seven-headed hydra bites you!
The seven-headed hydra completely misses you.
The seven-headed hydra barely misses you.
The seven-headed hydra completely misses you.
Cast which spell? (? or * to list)
Aiming: Confuse
Press: ? - help, Shift-Dir - straight line, f/p - seven-headed hydra
Aim: a seven-headed hydra (chance to defeat MR: 51%)
The seven-headed hydra resists with significant effort.
The seven-headed hydra misses you.
You block the seven-headed hydra's attack.
The seven-headed hydra completely misses you. x3
The seven-headed hydra barely misses you.
The seven-headed hydra bites you!
You die...

## ### #####.#### ###
#########P######P#...P.##.#####P.
%..............>.................
####...............[.............
##.#....##.###P........#.# ##....
.......##..###.....?...#..##.#...
..#PP..##.....#.......#..........
..##...........+@....##..........
..##...#.......#D...........##...
..P....##.....#......#.......#...
.......##.............#......+...
...#...##..#####........##.###...
###....##P.P.###.....#.##..##....
#.#.................[..........>.
.................................
.................................


You could see a seven-headed hydra.

Action                   |  1- 3 |  4- 6 |  7- 9 | 10-12 | 13-15 || total
-------------------------+-------+-------+-------+-------+-------++-------
Melee: Dagger            |   135 |   101 |   163 |   368 |    10 ||   777
Throw: Tomahawk          |       |       |       |     1 |       ||     1
 Cast: Ensorcelled Hiber |     6 |    41 |   132 |   203 |     6 ||   388
       Confuse           |     1 |       |    14 |    36 |     3 ||    54
       Tukima's Dance    |       |       |       |     5 |       ||     5
  Use: Scroll            |       |     5 |     7 |    11 |     1 ||    24
 Stab: Sleeping          |    10 |    39 |    99 |   187 |     8 ||   343
       Confused          |     2 |       |    13 |    24 |       ||    39
       Distracted        |       |       |     1 |       |       ||     1
  Eat: Pizza             |       |     1 |       |     4 |       ||     5
       Bread ration      |       |     1 |       |       |       ||     1
       Fruit             |       |       |       |    11 |       ||    11
Armor: Robe              |    29 |    11 |    29 |    40 |       ||   109
Dodge: Dodged            |   129 |    56 |   118 |   454 |    36 ||   793
Block: Other             |       |       |       |     5 |     6 ||    11

Notes
Turn   | Place    | Note
--------------------------------------------------------------
     0 | D:1      | Duffy the Spriggan Enchanter began the quest for the Orb.
     0 | D:1      | Reached XP level 1. HP: 9/9 MP: 5/5
   166 | D:1      | Reached XP level 2. HP: 9/13 MP: 6/6
   176 | D:1      | Reached skill level 2 in Short Blades
   367 | D:1      | Learned a level 2 spell: Ensorcelled Hibernation
  1158 | D:2      | Found a snail-covered altar of Cheibriados.
  1167 | D:2      | Became a worshipper of Cheibriados the Contemplative
  1200 | D:2      | Found a faded altar to an unknown god.
  1215 | D:2      | Reached skill level 5 in Stealth
  1330 | D:2      | Reached XP level 3. HP: 13/16 MP: 0/8
  1454 | D:1      | Learned a level 3 spell: Confuse
  1502 | D:2      | Reached skill level 3 in Spellcasting
  1655 | D:2      | Noticed Sigmund
  1672 | D:2      | Killed Sigmund
  1672 | D:2      | Reached skill level 5 in Spellcasting
  1672 | D:2      | Reached XP level 4. HP: 21/21 MP: 6/12
  1672 | D:2      | Reached XP level 5. HP: 24/24 MP: 7/14
  1725 | D:2      | Learned a level 3 spell: Tukima's Dance
  1729 | D:2      | Learned a level 3 spell: Dazzling Spray
  1920 | D:2      | Noticed Natasha
  1928 | D:2      | Killed Natasha
  1928 | D:2      | Reached skill level 3 in Short Blades
  1928 | D:2      | Reached skill level 6 in Spellcasting
  2071 | D:2      | Noticed Crazy Yiuf
  2077 | D:2      | Killed Crazy Yiuf
  2324 | D:2      | Noticed Natasha
  2360 | D:2      | Killed Natasha
  2360 | D:2      | Reached skill level 4 in Short Blades
  2360 | D:2      | Reached XP level 6. HP: 20/28 MP: 9/16
  2375 | D:2      | Noticed Natasha
  2450 | D:2      | Killed Natasha
  3436 | D:3      | Reached skill level 4 in Hexes
  3845 | D:3      | Reached XP level 7. HP: 32/32 MP: 15/18
  3898 | D:4      | Reached skill level 5 in Hexes
  3987 | D:3      | Reached skill level 7 in Spellcasting
  4530 | D:4      | Reached skill level 6 in Hexes
  4770 | D:4      | Found a stormy altar of Qazlal.
  4906 | D:5      | Entered Level 5 of the Dungeon
  4932 | D:5      | Reached skill level 8 in Spellcasting
  4944 | D:5      | Identified the Catalogue of the Eagle (You found it on level 5 of the Dungeon)
  4994 | D:5      | Reached * piety under Cheibriados
  4997 | D:5      | Reached XP level 8. HP: 32/36 MP: 5/21
  5009 | D:6      | Reached skill level 7 in Hexes
  5695 | D:5      | Found Fuyh Lavye's Armour Shoppe.
  5777 | D:5      | Found a radiant altar of Vehumet.
  5779 | D:5      | Found a deep blue altar of Sif Muna.
  5780 | D:5      | Found an ancient bone altar of Kikubaaqudgha.
  5784 | D:5      | Identified Kikubaaqudgha's Tome of Necromancy (You found it on level 5 of the Dungeon)
  6218 | D:6      | Reached skill level 9 in Spellcasting
  6389 | D:6      | Reached skill level 10 in Spellcasting
  6423 | D:6      | Noticed Menkaure
  6426 | D:6      | Noticed Blork the orc
  6453 | D:6      | Reached skill level 1 in Fighting
  6453 | D:6      | Reached skill level 8 in Hexes
  6462 | D:6      | Killed Blork the orc
  6466 | D:6      | Killed Menkaure
  6466 | D:6      | Reached skill level 2 in Fighting
  6568 | D:6      | Found a sparkling altar of Nemelex Xobeh.
  6576 | D:6      | Found a shattered altar of Ashenzari.
  6880 | D:6      | Reached XP level 9. HP: 42/42 MP: 11/24
  6968 | D:7      | Found a staircase to the Ecumenical Temple.
  7040 | D:7      | Reached ** piety under Cheibriados
  7040 | D:7      | Reached skill level 6 in Stealth
  7053 | D:7      | Reached skill level 3 in Fighting
  7384 | D:7      | Reached skill level 7 in Stealth
  7834 | D:7      | Reached skill level 8 in Stealth
  8147 | D:8      | Reached skill level 4 in Fighting
  8444 | D:8      | Reached skill level 9 in Stealth
  8543 | D:8      | Reached *** piety under Cheibriados
  8788 | D:8      | Noticed Prince Ribbit
  8795 | D:8      | Killed Prince Ribbit
  9080 | D:9      | Reached skill level 5 in Fighting
  9193 | D:9      | Reached skill level 10 in Stealth
  9214 | D:8      | Reached skill level 4 in Dodging
  9318 | D:9      | Reached XP level 10. HP: 51/51 MP: 22/25
  9321 | D:9      | Reached skill level 5 in Dodging
  9321 | D:9      | Reached skill level 11 in Stealth
  9576 | D:9      | Reached **** piety under Cheibriados
  9577 | D:9      | Found a staircase to the Lair.
  9580 | D:9      | Reached skill level 6 in Dodging
  9836 | D:9      | Reached skill level 7 in Dodging
 10265 | D:9      | Noticed a cyclops
 10297 | D:9      | Killed a cyclops
 10297 | D:9      | Reached skill level 8 in Dodging
 10459 | D:9      | Reached skill level 6 in Fighting
 10501 | D:9      | Found an opulent altar of Gozag.
 10502 | D:9      | Found a glowing silver altar of Zin.
 10590 | D:9      | Found a shattered altar of Ashenzari.
 10687 | D:9      | Found a blossoming altar of Fedhas.
 10779 | D:9      | Reached ***** piety under Cheibriados
 10779 | D:9      | Reached skill level 9 in Dodging
 10990 | D:10     | Entered Level 10 of the Dungeon
 11066 | D:10     | Noticed a hill giant
 11071 | D:10     | Killed a hill giant
 11160 | D:10     | Reached skill level 10 in Dodging
 11310 | D:10     | Noticed a hill giant
 11325 | D:10     | Killed a hill giant
 11325 | D:10     | Reached skill level 5 in Short Blades
 11325 | D:10     | Reached XP level 11. HP: 58/58 MP: 11/26
 11452 | D:10     | Reached skill level 7 in Fighting
 11984 | Lair:1   | Entered Level 1 of the Lair of Beasts
 12293 | Lair:1   | Noticed Harold
 12299 | Lair:1   | Killed Harold
 12299 | Lair:1   | Reached skill level 6 in Short Blades
 12299 | Lair:1   | Reached skill level 11 in Dodging
 12339 | Lair:1   | Reached skill level 1 in Invocations
 12713 | Lair:1   | Reached skill level 2 in Invocations
 13031 | Lair:1   | Reached skill level 8 in Fighting
 13070 | Lair:2   | Reached ****** piety under Cheibriados
 13125 | Lair:2   | Reached skill level 3 in Invocations
 13137 | Lair:2   | Reached skill level 4 in Invocations
 13308 | Lair:2   | Reached skill level 5 in Invocations
 13503 | Lair:2   | Reached skill level 6 in Invocations
 13613 | Lair:2   | Reached skill level 7 in Invocations
 14144 | Lair:3   | Reached XP level 12. HP: 64/64 MP: 25/27
 14287 | Lair:3   | Noticed Rupert
 14347 | Lair:3   | Killed Rupert
 14347 | Lair:3   | Reached skill level 10 in Hexes
 14391 | Lair:3   | Reached skill level 8 in Invocations
 14532 | Lair:3   | Reached skill level 9 in Invocations
 14782 | Lair:3   | Found a staircase to the Shoals.
 14925 | Lair:3   | Reached skill level 10 in Invocations
 15048 | Lair:3   | Learned a level 6 spell: Shadow Creatures
 15177 | Lair:3   | Reached skill level 1 in Summonings
 15529 | Lair:4   | Reached skill level 2 in Summonings
 15553 | Lair:4   | Noticed a seven-headed hydra
 15557 | Lair:4   | Found a staircase to the Snake Pit.
 15562 | Lair:4   | Killed a seven-headed hydra
 15583 | Lair:4   | Reached skill level 3 in Summonings
 16030 | Lair:4   | Reached skill level 11 in Spellcasting
 16459 | Lair:4   | Reached XP level 13. HP: 61/68 MP: 26/29
 16645 | Lair:4   | Reached skill level 4 in Summonings
 16783 | Lair:4   | Slain by a seven-headed hydra

Skill      XL: |  1  2  3  4  5  6  7  8  9 10 11 12 13 |
---------------+----------------------------------------+-----
Short Blades   | 2 4 5 6 |  6.0
Stealth        | 5 10 11 | 11.5
Spellcasting   | 5 6 8 10 11 | 11.8
Hexes          | 4 6 8 10 | 10.2
Fighting       | 2 5 6 8 |  8.0
Dodging        | 4 10 11 | 11.0
Invocations    | 7 10 | 10.0
Summonings     | 3 4 |  4.4

Vault maps used:
D:1:      nicolae_arrival_washed_ashore, serial_bayou_lagoon_b
D:2:      ecumenical_altar_2, kennysheep_slug_shrine, uniq_natasha,
          uniq_sigmund, uniq_crazy_yiuf_cottage
D:3:      first_bread, minmay_ogre_servants
D:4:      nicolae_qazlal_eye_of_the_storm, serial_bayou_pond_b
D:5:      grunt_temple_overflow_magic_moments, serial_shops,
          nicolae_shop_competitors_out_of_business, minmay_lizard_king
D:6:      minitemple, feat_on_display, uniq_blork_the_orc, uniq_menkaure
D:7:      mumra_celtic_spiral_tile, minmay_temple_entry_mist,
          lemuel_another_geyser
D:8:      uniq_prince_ribbit1
D:9:      grunt_temple_overflow_gold_and_silver, grunt_lair_entry_orc_guard_hut,
          hangedman_tree_tricks, minivault_11, minmay_misc_feat_cross,
          nicolae_two_hexagons, ashenzari_altar_1
Lair:1:   serial_bayou_crossing, uniq_harold
Lair:2:   grunt_megastairs_2
Lair:3:   elwin_shoals_entry_rooms, serial_bayou_ford_a,
          small_statue_intersection, grunt_megastairs_4, serial_bayou_shore_b,
          uniq_rupert
Lair:4:   dummy_snake_entry, lemuel_fruit_fields

Vanquished Creatures
  Rupert Harold
  2 hydras
  2 hill giants
  A cyclops
  12 elephants
  2 centaur zombies
  A naga mage
  2 sirens
  A black mamba
  7 spiny frogs
  2 rime drakes
  4 komodo dragons
  3 trolls
  A merfolk Prince Ribbit Sigmund
  29 yaks
  A hungry ghost
  7 hippogriffs
  A basilisk Menkaure
  6 water moccasins
  7 porcupines
  2 black bears
  3 orc warriors
  6 ice beasts
  A phantom
  2 centaurs
  9 wolves
  7 ogres
  7 crocodiles
  2 big kobolds
  13 giant frogs Blork the orc
  5 scorpions
  3 electric eels
  4 wights
  2 howler monkeys
  3 crimson imps
  A giant frog zombie
  6 hounds
  2 jellies Crazy Yiuf
  2 orc priests
  10 orc wizards
  A giant frog skeleton
  A gnoll shaman
  8 iguanas
  Natasha (thrice)
  10 worker ants
  11 sheep
  A hound zombie
  3 hound skeletons
  7 gnolls
  A howler monkey skeleton
  8 adders
  33 river rats
  2 shadow imps
  2 oozes
  An adder zombie
  4 worms
  A dart slug
  6 giant geckos
  35 orcs
  A ball python
  4 giant cockroaches
  13 goblins
  5 hobgoblins
  9 jackals
  4 quokkas
  19 bats
  8 giant newts
  A jackal zombie
  12 kobolds
  A quokka skeleton
  13 rats
  2 fungi
  4 plants
422 creatures vanquished.
